 Dungeon Crawl Stone Soup version 0.19.0-20-gbc5f0c6 (webtiles) character file.

97 KarmaPolice the Charmwright (level 4, 0/34 HPs)
             Began as a Vampire Skald on Nov 17, 2016.
             Slain by a gnoll
             ... wielding a +0 spear
              (5 damage)
             ... on level 2 of the Dungeon.
             The game lasted 00:04:06 (1986 turns).

KarmaPolice the Charmwright (Vampire Skald)         Turns: 1986, Time: 00:04:06

Health: 0/34       AC:  5    Str: 11    XL:     4   Next: 42%
Magic:  1/7        EV: 11    Int: 14    God:
Gold:   139        SH:  2    Dex: 14    Spells: 3 memorised, 2 levels left

rFire  . . .     SeeInvis +     a - +0 falchion
rCold  + . .     Gourm    .     b - +0 leather armour
rNeg   + + .     Faith    .     (no shield)
rPois  +         Spirit   .     (no helmet)
rElec  .         Reflect  +     (no cloak)
rCorr  .         Harm     .     (no gloves)
MR     .....                    j - +1 pair of boots
Stlth  ++........               f - +2 amulet of reflection (curse)
                                (no ring)
                                (no ring)

@: singing, regenerating slowly
A: fangs 3, see invisible, unbreathing
a: Bat Form, Stop Singing


You were on level 2 of the Dungeon.
You were thirsty.

You visited 1 branch of the dungeon, and saw 2 of its levels.

You collected 139 gold pieces.

Inventory:

Hand Weapons
 a - a +0 falchion (weapon)
Armour
 b - a +0 leather armour (worn)
 j - a +1 pair of boots (worn)
 l - a cursed +0 robe
Jewellery
 f - a cursed +2 amulet of reflection (around neck)
Scrolls
 e - 3 scrolls of identify {unknown}
 g - 3 scrolls of blinking {unknown}
 h - 2 scrolls of immolation {unknown}
 i - a scroll of enchant armour {unknown}
 k - 3 scrolls of fear {unknown}
 m - a scroll of remove curse {unknown}
 n - a scroll of random uselessness {unknown}
Potions
 d - 9 potions of blood
 o - a potion of ambrosia {unknown}
 p - a potion of agility {unknown}
Books
 c - a book of Battle

   Spells                             Type                      Level
   a - Infusion                       Charms                       1
   b - Shroud of Golubria             Charms/Translocation         2
   c - Song of Slaying                Charms                       2
   d - Spectral Weapon                Hexes/Charms                 3
   e - Regeneration                   Charms/Necromancy            3


   Skills:
 + Level 2.6 Fighting
 + Level 3.0 Long Blades
 - Level 0.7 Armour
 - Level 1.1 Dodging
 - Level 2.1 Spellcasting
 + Level 4.4 Charms
 + Level 0.1 Translocations


You had 2 spell levels left.
You knew the following spells:

 Your Spells              Type           Power        Failure   Level  Hunger
a - Infusion              Chrm           ##..         8%          1    ##.....
b - Shroud of Golubria    Chrm/Tloc      #.........   21%         2    ###....
c - Song of Slaying       Chrm           ##......     10%         2    ###....


Dungeon Overview and Level Annotations

Branches:
Dungeon (2/15)

Altars:


Innate Abilities, Weirdness & Mutations

You heal slowly.
You have razor-sharp teeth.
You have supernaturally acute eyesight. (SInv)
You can survive without breathing.


Message History

The gnoll hits you from afar with a spear.
The gnoll barely misses you.
Your magical infusion is running out.
You closely miss the gnoll.
The gnoll is almost dead.
The gnoll hits you with a flail. The gnoll hits you but does no damage.
You closely miss the gnoll.
The gnoll is almost dead.
The gnoll hits you with a flail!
The gnoll hits you from afar with a spear.
The gnoll barely misses you.
You hit the gnoll.
You kill the gnoll!
Your Long Blades skill increases to level 3!
The gnoll barely misses you.
You are no longer magically infusing your attacks.
The gnoll hits you from afar with a halberd!
* * * LOW HITPOINT WARNING * * *
The gnoll hits you with a spear.
You die...

.#............#
...##########.#
#.## #.#
#.##### #.#
......# #.#
.####.# #.#
#.## #.# ##.##
#.##### ##.#
#...@)# ##.##
#####g# #.##
#g# .## #.#
###. #.# .#..
#.# ..... ...
.#..# .....
.#.... .#><.##


You could see 2 gnolls.

Vanquished Creatures
  3 gnolls (D:2)
  An adder (D:2)
  3 dart slugs
  3 leopard geckos
  A ball python (D:1)
  10 giant cockroaches (D:2)
  3 goblins (D:1)
  3 hobgoblins
  6 bats
  4 frilled lizards
  6 kobolds
  7 rats
50 creatures vanquished.

Notes
Turn   | Place    | Note
-------+----------+-------------------------------------------
     0 | D:1      | KarmaPolice the Vampire Skald began the quest for the Orb.
     0 | D:1      | Reached XP level 1. HP: 16/16 MP: 3/3
   147 | D:1      | Reached XP level 2. HP: 17/22 MP: 5/5
   503 | D:1      | Learned a level 2 spell: Shroud of Golubria
   506 | D:1      | Learned a level 2 spell: Song of Slaying
   888 | D:2      | Reached XP level 3. HP: 27/27 MP: 6/6
   974 | D:2      | Found a faded altar of an unknown god.
  1000 | D:2      | Reached skill level 4 in Charms
  1346 | D:2      | Reached XP level 4. HP: 12/34 MP: 0/7
  1986 | D:2      | Slain by a gnoll

Skill      XL: |  1  2  3  4 |
---------------+-------------+-----
Fighting       | 2 |  2.6
Charms         | 4 |  4.4
Long Blades    | 3 |  3.0
Armour         | |  0.7
Dodging        | |  1.1
Spellcasting   | |  2.1
Translocations | |  0.1

Action                   |  1- 3 |  4- 6 || total
-------------------------+-------+-------++-------
Melee: Falchion          |   110 |    16 ||   126
       Bite              |    11 |     1 ||    12
       Unarmed           |     3 |     2 ||     5
 Cast: Infusion          |     3 |     1 ||     4
       Shroud of Golubri |     2 |     1 ||     3
       Song of Slaying   |     1 |     1 ||     2
 Abil: End Transformatio |     1 |     1 ||     2
       Bat Form          |     1 |     1 ||     2
  Use: Potion            |       |     2 ||     2
 Stab: Sleeping          |     1 |       ||     1
Armor: Leather armour    |    44 |     3 ||    47
Dodge: Dodged            |    88 |    13 ||   101
Block: Other             |     4 |     1 ||     5
       Rpst.: Falchion   |    36 |     2 ||    38
